 Dungeon Crawl Stone Soup version 0.30-b1-2-g02819fbbbe (webtiles) character file.

Game seed: 77127484020313366

3 dorian the Chopper (level 1, -3/16 HPs)
             Began as a Formicid Gladiator on May 18, 2023.
             Slain by a gnoll
             ... wielding a +0 whip
              (9 damage)
             ... on level 1 of the Dungeon.
             The game lasted 00:00:14 (200 turns).

dorian the Chopper (Formicid Gladiator)              Turns: 200, Time: 00:00:14

Health: -3/16      AC:  3    Str: 18    XL:     1   Next: 55%
Magic:  1/1        EV: 12    Int:  7    God:
Gold:   27         SH:  0    Dex: 15    Spells: 0/0 levels left

rFire   . . .        a - +0 war axe
rCold   . . .        (no shield)
rNeg    . . .        b - +0 leather armour
rPois   .            (helmet unavailable)
rElec   .            (no cloak)
rCorr   .            (no gloves)
SInv    +            (no boots)
Will    .....        (no amulet)
Stlth   +            (no ring)
HPRegen 0.22/turn    (no ring)
MPRegen 0.07/turn

%: no passive effects
@: no status effects
A: permanent stasis, dig shafts and tunnels, antennae 3, four strong arms
a: Dig, Shaft Self


You were on level 1 of the Dungeon.
You visited 1 branch of the dungeon, and saw 1 of its levels.

You collected 27 gold pieces.

Inventory:

Hand Weapons
 a - a +0 war axe (weapon)
Missiles
 c - 3 throwing nets (quivered)
 d - a javelin
Armour
 b - a +0 leather armour (worn)
Scrolls
 e - a scroll of teleportation {unknown}
 f - a scroll of enchant armour {unknown}


   Skills:
 + Level 2.3 Fighting
 * Level 3.1 Axes
 - Level 2.0 Throwing
 + Level 0.2 Armour
 - Level 2.6 Dodging


You couldn't memorise any spells.
You didn't know any spells.
Your spell library was empty.

Dungeon Overview and Level Annotations

Branches:
Dungeon (1/15)

Altars:


Innate Abilities, Weirdness & Mutations

You cannot be hasted, slowed, berserked, paralysed or teleported.
You can dig through walls and to a lower floor.
You have a pair of large antennae on your head. (SInv)
Your four strong arms can wield two-handed weapons with a shield.


Message History

No target in view!
A hobgoblin comes into view.
The hobgoblin shouts!
A hobgoblin is nearby!
The hobgoblin closely misses you.
A hobgoblin is nearby!
A hobgoblin is nearby!
A hobgoblin is nearby!
You barely miss the hobgoblin. The hobgoblin misses you.
You slash the hobgoblin!
You kill the hobgoblin!
You now have 27 gold pieces (gained 10).
Found a hand axe.
No target in view!
You sense a monster nearby.
You see here a +0 hand axe.
No target in view!
A gnoll comes into view. It is wielding a +0 whip.
A gnoll is nearby!
A gnoll is nearby!
The helpless gnoll fails to defend itself.
You hit the gnoll but do no damage. The gnoll closely misses you.
The gnoll hits you with a +0 whip.
A gnoll is nearby!
You completely miss the gnoll. The gnoll hits you with a +0 whip.
A gnoll is nearby!
You closely miss the gnoll. The gnoll closely misses you.
The gnoll hits you with a +0 whip.
You are too injured to fight recklessly!
A gnoll is nearby!
You are too injured to fight recklessly!
A gnoll is nearby!
You are too injured to fight recklessly!
A gnoll is nearby!
Unknown command.
You slash the gnoll!
The gnoll is severely wounded.
The gnoll hits you with a +0 whip!
Ouch! That really hurt!
You die...

#.#.....#
#######.#.....#.###.#
....#......†....#...# #
....................# ..
###.#.#.##......#...#..#
........................
###.#..##...#.#.#.......
..............#.#g..#...
..#....#........@.......
..#....#.#....#.#.#.....
.......#.#......#.# #..
..#....#.#..#.....#
..>....#.#.)###.#.#
..#....#.#..###.#.#
..##..............#
...#...#.#..###.###
..................


You could see a gnoll.

Vanquished Creatures
  A giant cockroach (D:1)
  A hobgoblin (D:1)
  A rat (D:1)
3 creatures vanquished.

Notes
Turn   | Place    | Note
-------+----------+-------------------------------------------
     0 | D:1      | dorian the Formicid Gladiator began the quest for the Orb.
     0 | D:1      | Reached XP level 1. HP: 16/16 MP: 1/1
   200 | D:1      | Slain by a gnoll

Illustrated notes

Levels and vault maps discovered:
D:1:      co_arrival_random_square_maze, layout_basic, minmay_tetromino_l2

Action                     || total
---------------------------++-------
  Melee: War axe           ||    17
   Stab: Sleeping          ||     1
 Armour: Leather armour    ||     6
  Dodge: Dodged            ||     9
